 Dungeon Crawl Stone Soup version 0.23-a0-554-gd3cbc84 (webtiles) character file.

9062 TheGoonsmith the Severer (level 11, -12/100 HPs)
             Began as a Hill Orc Fighter on Dec 10, 2018.
             Was a High Priest of Makhleb.
             Mangled by a death scarab (16 damage)
             ... in a Gauntlet.
             The game lasted 00:19:20 (10051 turns).

TheGoonsmith the Severer (Hill Orc Fighter)        Turns: 10051, Time: 00:19:20

Health: -12/100    AC: 22    Str: 22    XL:     11   Next: 40%
Magic:  26/26      EV:  4    Int:  8    God:    Makhleb [*****.]
Gold:   551        SH:  9    Dex: 11    Spells: 10/10 levels left

rFire    . . .     SeeInvis .   a - +1 war axe
rCold    . . .     Gourm    .   c - +0 shield
rNeg     + . .     Faith    +   P - +4 plate armour
rPois    .         Spirit   .   (no helmet)
rElec    .         Reflect  .   d - +2 cloak
rCorr    .         Harm     .   G - +0 pair of gloves
MR       .....     NoTele   +   (no boots)
Stlth    ..........             D - amulet of faith
HPRegen  0.26/turn              v - ring of positive energy
MPRegen  0.20/turn              m - ring of magical power

@: slowed, very slow
A: no striking features
a: Minor Destruction, Lesser Servant of Makhleb, Major Destruction, Greater
Servant of Makhleb, Renounce Religion


You were in a Gauntlet.
You worshipped Makhleb.
Makhleb was extremely pleased with you.
You were not hungry.

You visited 2 branches of the dungeon, and saw 12 of its levels.
You also visited: Gauntlet.

You collected 551 gold pieces.

Inventory:

Hand Weapons
 a - a +1 war axe (weapon)
 t - a +0 hand axe of freezing
Missiles
 A - 3 throwing nets (quivered)
Armour
 b - a +0 scale mail
 c - a +0 shield (worn)
 d - a +2 cloak (worn)
 e - a +0 plate armour
 n - a +0 scale mail of positive energy
 G - a +0 pair of gloves (worn)
 P - a +4 plate armour (worn)
Jewellery
 h - an uncursed ring of stealth
 i - an uncursed amulet of rage
 m - a ring of magical power (right hand)
 v - a ring of positive energy (left hand)
 D - an amulet of faith (around neck)
 J - an uncursed amulet of magic regeneration
 L - an uncursed ring of fire
 O - an uncursed ring of poison resistance {unknown}
Wands
 l - a wand of iceblast (7)
 H - a wand of digging (4)
 I - a wand of flame (23)
Scrolls
 g - 6 scrolls of remove curse
 q - 3 scrolls of fog
 w - a scroll of enchant weapon
 y - 6 scrolls of teleportation
 F - 2 scrolls of magic mapping
 N - a scroll of amnesia
Potions
 j - a potion of berserk rage {unknown}
 k - 2 potions of degeneration {unknown}
 o - a potion of curing
 p - 3 potions of invisibility
 r - 2 potions of lignification {unknown}
 s - 4 potions of flight
 u - 4 potions of mutation
 x - a potion of magic {unknown}
 z - 3 potions of haste
 B - a potion of agility {unknown}
 C - 3 potions of heal wounds {unknown}
 E - a potion of resistance {unknown}
 K - a potion of ambrosia {unknown}
Comestibles
 f - 23 rations


   Skills:
 - Level 10.3 Fighting
 + Level 15.6 Axes
 - Level 8.0 Armour
 - Level 3.2 Shields
 - Level 8.0 Invocations


You had 10 spell levels left.
You didn't know any spells.
Your spell library contained the following spells:

 Spells                   Type           Power        Failure   Level  Hunger
 Magic Dart               Conj           #...         100%        1    ##.....
 Shock                    Conj/Air       #...         100%        1    ##.....
 Summon Small Mammal      Summ           #...         100%        1    ##.....
 Searing Ray              Conj           #.....       100%        2    ###....
 Swiftness                Chrm/Air       #.......     100%        2    ###....
 Dazzling Spray           Conj/Hex       #.....       100%        3    ####...
 Spectral Weapon          Hex/Chrm       #.......     100%        3    ####...
 Static Discharge         Conj/Air       #.......     100%        3    ####...
 Airstrike                Air            #.........   100%        4    #####..
 Force Lance              Conj/Tloc      #.......     100%        4    #####..
 Fulminant Prism          Conj/Hex       #.........   100%        4    #####..
 Iskenderun's Mystic Bla  Conj           #.......     100%        4    #####..
 Summon Ice Beast         Ice/Summ       #.......     100%        4    #####..
 Lightning Bolt           Conj/Air       #.........   100%        5    ######.
 Summon Demon             Summ           #.........   100%        5    ######.
 Malign Gateway           Summ/Tloc      #.........   100%        7    #######


Dungeon Overview and Level Annotations

Branches:
Dungeon (11/15)            Temple (1/1) D:4            Lair (0/6) D:11
    Orc (0/2) D:9

Altars:
Ashenzari
Cheibriados
Dithmenos
Elyvilon
Fedhas
Gozag
Hepliaklqana
Kikubaaqudgha
Makhleb
Nemelex Xobeh
Okawaru
Qazlal
Ru
Sif Muna
Trog
Uskayaw
Vehumet
Wu Jian
Xom
Yredelemnul
Zin
The Shining One

Shops:
D:8 *   D:11 (

Annotations:
D:11 1 runed door Gauntlet 2 transporters


Message History

Press: ? - help, Shift-Dir - straight line, f/p - death scarab
Aim: a death scarab (severely damaged)
The zap hits the death scarab.
The death scarab appears unharmed.
The death scarab is severely damaged.
The death scarab bites you!
* * * LOW HITPOINT WARNING * * *
The death scarab draws strength from your injuries!
The spiny frog stings you but does no damage.
Unknown command.
You closely miss the spiny frog. You block the spiny frog's attack.
The death scarab bites you but does no damage.
The spiny frog stings you!
* * * LOW HITPOINT WARNING * * *
You feel better. The death scarab bites you.
* * * LOW HITPOINT WARNING * * *
The spiny frog stings you but does no damage. x2
A demon appears!
The death scarab bites you.
* * * LOW HITPOINT WARNING * * *
The death scarab bites you!
You die...

#######################
.......∩.............8#
......................#
######...###########..#
....##...#......3..#..#
...#.#.∩.#.#...s@# #...
..#..#...#..##.##F:#....
#...#...#..##.##.(###..
#©...#©.©#..#.©.#.©#©#..
.#...#...#..##.##..#.#..
..#..#...#..##.# ..#.#..
...#.#...#.#.... #.#.#..
....##...#...... .#.#..
######...######## #.


You could see a spiny frog, a death scarab and a friendly neqoxec.

Vanquished Creatures
  A skeletal warrior (D:9)
  A hornet (D:10)
  2 hippogriffs (D:10)
  A meliai zombie (D:11)
  Sigmund (D:5)
  A wyvern (D:10)
  5 yaks
  3 hogs (D:7)
  A human (D:7)
  2 hungry ghosts
  Duvessa (D:6)
  2 orc warriors
  2 sky beasts (D:9)
  2 phantoms
  A necrophage (D:7)
  6 ogres
  5 ice beasts
  6 centaurs
  A big kobold (D:8)
  A gnoll sergeant (D:9)
  9 bullfrogs
  Dowan (D:6)
  2 scorpions
  11 howler monkeys
  A vampire bat (D:3)
  7 crimson imps
  6 hounds
  A bullfrog zombie (D:5)
  9 orc priests
  4 bullfrog skeletons
  4 jellies
  Crazy Yiuf (D:2)
  A centaur skeleton (D:6)
  3 iguanas
  9 orc wizards
  7 worker ants
  A killer bee zombie (D:9)
  A hound zombie (D:8)
  A hound skeleton (D:10)
  A howler monkey zombie (D:10)
  2 worker ant zombies
  16 adders
  9 gnolls
  A shadow imp (D:9)
  An ooze (D:3)
  An adder zombie (D:8)
  An adder skeleton (D:4)
  3 worms
  A dart slug (D:3)
  5 leopard geckos
  28 orcs
  A bat skeleton (D:3)
  5 bat zombies (D:3)
  5 giant cockroaches
  4 goblins
  7 hobgoblins
  6 jackals
  8 kobolds
  3 quokkas
  2 ball pythons
  7 bats
  5 frilled lizards
  A giant cockroach zombie (D:5)
  A jackal skeleton (D:5)
  A quokka skeleton (D:6)
  5 rats
254 creatures vanquished.

Vanquished Creatures (collateral kills)
  Harold (D:11)
  2 ogres (D:11)
  3 killer bees (D:11)
  A quokka (D:11)
7 creatures vanquished.

Grand Total: 261 creatures vanquished

Notes
Turn   | Place    | Note
-------+----------+-------------------------------------------
     0 | D:1      | TheGoonsmith the Hill Orc Fighter began the quest for the
                  | Orb.
     0 | D:1      | Reached XP level 1. HP: 19/19 MP: 1/1
    98 | D:1      | Reached skill level 3 in Axes
   246 | D:1      | Reached XP level 2. HP: 27/27 MP: 2/2
   840 | D:2      | Found a shadowy altar of Dithmenos.
   844 | D:2      | Reached XP level 3. HP: 26/33 MP: 3/3
   912 | D:2      | Reached skill level 4 in Axes
  1331 | D:2      | Reached XP level 4. HP: 40/40 MP: 4/4
  1362 | D:2      | Found a runed door.
  1517 | D:2      | Noticed Crazy Yiuf
  1529 | D:2      | Killed Crazy Yiuf
  1877 | D:3      | Reached skill level 5 in Axes
  1912 | D:3      | Found a sacrificial altar of Ru.
  1954 | D:3      | Reached XP level 5. HP: 24/47 MP: 5/5
  2440 | D:3      | Found a sacrificial altar of Ru.
  2480 | D:3      | Found an ancient bone altar of Kikubaaqudgha.
  2600 | D:4      | Reached skill level 6 in Axes
  2695 | D:4      | Reached XP level 6. HP: 55/55 MP: 6/6
  2710 | D:4      | Reached skill level 5 in Fighting
  2848 | D:4      | Found a staircase to the Ecumenical Temple.
  2877 | Temple   | Entered the Ecumenical Temple
  2991 | D:4      | Noticed a phantom
  3012 | D:4      | Killed a phantom
  3012 | D:4      | Reached skill level 7 in Axes
  3012 | D:4      | Reached skill level 5 in Armour
  3012 | D:4      | Reached XP level 7. HP: 54/62 MP: 7/7
  3081 | Temple   | Became a worshipper of Makhleb the Destroyer
  3159 | D:4      | Found a stormy altar of Qazlal.
  3251 | D:4      | Found a deep blue altar of Sif Muna.
  3444 | D:5      | Entered Level 5 of the Dungeon
  3569 | D:5      | Reached skill level 8 in Axes
  3666 | D:5      | Reached XP level 8. HP: 70/70 MP: 8/8
  3676 | D:5      | Reached skill level 9 in Axes
  4005 | D:5      | Noticed Sigmund
  4031 | D:5      | Killed Sigmund
  4031 | D:5      | Reached skill level 10 in Axes
  4377 | D:5      | Reached skill level 1 in Invocations
  4381 | D:5      | Reached * piety under Makhleb
  4646 | D:5      | Reached skill level 11 in Axes
  4752 | D:6      | Noticed Dowan
  4754 | D:6      | Noticed Duvessa
  4778 | D:6      | Killed Duvessa
  4778 | D:6      | Reached XP level 9. HP: 61/78 MP: 9/11
  4784 | D:6      | Killed Dowan
  4955 | D:6      | Got a bound amethyst amulet
  5618 | D:7      | Identified the amulet "Dishriomm" {Inacc rC+ Dex+3} (You
                  | found it on level 6 of the Dungeon)
  5826 | D:7      | Reached ** piety under Makhleb
  5839 | D:7      | Reached skill level 5 in Invocations
  6062 | D:7      | Identified the Disquisition on Lucky Summoning
  6374 | D:7      | Reached skill level 12 in Axes
  6384 | D:7      | Reached XP level 10. HP: 51/88 MP: 14/14
  6808 | D:7      | Found a snail-covered altar of Cheibriados.
  7138 | D:8      | Found an opulent altar of Gozag.
  7147 | D:8      | Found Gozag's Platinum Reserve.
  7368 | D:8      | Reached *** piety under Makhleb
  7799 | D:9      | Reached skill level 13 in Axes
  8078 | D:9      | Noticed a skeletal warrior
  8112 | D:9      | Killed a skeletal warrior
  8112 | D:9      | Reached skill level 10 in Fighting
  8309 | D:9      | Reached XP level 11. HP: 76/100 MP: 17/17
  8369 | D:9      | Reached **** piety under Makhleb
  8379 | D:9      | Reached skill level 14 in Axes
  8662 | D:9      | Found a staircase to the Orcish Mines.
  8917 | D:9      | Found a hide-covered altar of Uskayaw.
  9029 | D:10     | Entered Level 10 of the Dungeon
  9147 | D:10     | Reached ***** piety under Makhleb
  9159 | D:10     | Reached skill level 15 in Axes
  9515 | D:11     | Found a runed door.
  9522 | D:11     | Noticed a sixfirhy
  9537 | D:11     | Found Zokhle Ehusa's Weapon Boutique.
  9574 | D:11     | Found a gate leading to a gauntlet.
  9576 | D:11     | Noticed Harold
  9604 | D:11     | Killed Harold
  9682 | Gauntlet | Entered a Gauntlet
  9682 | Gauntlet | Found a transporter.
  9682 | Gauntlet | Found a transporter.
 10027 | Gauntlet | Noticed a death scarab
 10027 | Gauntlet | Found a transporter.
 10051 | Gauntlet | HP: 4/100 [death scarab (2)]
 10051 | Gauntlet | Mangled by a death scarab

Vault maps used:
D:1:      dpeg_arrival_castle
D:2:      lemuel_round_altar, minmay_misc_feat_roman,
          chequers_serial_rivers_marsh, uniq_crazy_yiuf_cottage
D:3:      lemuel_crystal_altar, kennysheep_vampire_church,
          nicolae_ru_sacrificial_ziggurat
D:4:      grunt_qazlal_clouds, lemuel_doored_altar,
          minmay_temple_entry_overgrown, first_ration
D:5:      minmay_pentangle, uniq_sigmund
D:6:      uniq_duvessa
D:7:      nicolae_overflow_hidden_temple, grunt_livestock
D:8:      nicolae_gozag_zags_fifth_avenue
D:9:      kennysheep_mini_moat, orc_0_dummy, minmay_radiant
D:11:     cheibrodos_shockbox, dpeg_oklobed_lair, serial_shops,
          nicolae_shop_behind_doors, gauntlet_entry_generic, uniq_harold
Temple:   zaba_magenta_temple
Gauntlet: gammafunk_gauntlet_branching

Skill      XL: |  1  2  3  4  5  6  7  8  9 10 11 |
---------------+----------------------------------+-----
Axes           | 3 4 5 6 7 8 11 12 13 15 | 15.6
Fighting       | 4 5 6 8 10 | 10.3
Armour         | 4 5 6 7 8 |  8.0
Invocations    | 2 6 8 |  8.0
Shields        | |  3.2

Action                   |  1- 3 |  4- 6 |  7- 9 | 10-12 || total
-------------------------+-------+-------+-------+-------++-------
Melee: War axe           |   133 |   164 |   353 |   323 ||   973
Invok: Minor Destruction |       |       |     3 |    84 ||    87
       Lesser Servant of |       |       |       |     3 ||     3
  Use: Potion            |       |     2 |     2 |     2 ||     6
       Scroll            |       |       |    15 |     5 ||    20
 Stab: Invisible         |       |       |     1 |       ||     1
  Eat: Chunk             |     1 |     5 |    12 |    15 ||    33
Armor: Plate armour      |   110 |   129 |   196 |   191 ||   626
       Scale mail        |     2 |       |       |       ||     2
Dodge: Dodged            |    25 |    26 |    61 |    43 ||   155
Block: Shield            |    84 |    88 |   135 |   165 ||   472

Table legend:
 A = Non-vault XP
 B = Vault XP
 C = Vault XP percentage of total XP
 D = Non-vault monster count
 E = Vault monster count
 F = Vault count percentage of total count
                 A         B        C        D         E       F
            +---------+---------+-------+---------+---------+-------
      Total |    9696 |    3250 |  25.1 |     237 |      24 |   9.2
            +---------+---------+-------+---------+---------+-------
        D:1 |      25 |       0 |   0.0 |      15 |       0 |   0.0
        D:2 |      67 |      39 |  36.8 |      16 |       1 |   5.9
        D:3 |      57 |      69 |  54.8 |      15 |       7 |  31.8
        D:4 |     544 |       0 |   0.0 |      28 |       0 |   0.0
        D:5 |    1111 |     338 |  23.3 |      22 |       4 |  15.4
        D:6 |     857 |     228 |  21.0 |      23 |       2 |   8.0
        D:7 |     979 |     995 |  50.4 |      22 |       5 |  18.5
        D:8 |    1245 |       0 |   0.0 |      30 |       0 |   0.0
        D:9 |    2577 |    1090 |  29.7 |      37 |       4 |   9.8
       D:10 |    1696 |       0 |   0.0 |      22 |       0 |   0.0
       D:11 |     538 |     491 |  47.7 |       7 |       1 |  12.5
            +---------+---------+-------+---------+---------+-------
